 Dungeon Crawl Stone Soup version 0.30-a0-586-g23e55c9e0a (webtiles) character file.

Game seed: 8397692710122238864

13769 bande the Cleaver (level 12, -1/75 HPs)
             Began as a Gargoyle Fighter on Jan 4, 2023.
             Was a High Priest of Okawaru.
             Killed by divine providence
             ... invoked by a meliai
              (11 damage)
             ... on level 2 of the Lair of Beasts.
             The game lasted 00:20:30 (8836 turns).

bande the Cleaver (Gargoyle Fighter)                Turns: 8836, Time: 00:20:30

Health: -1/75      AC: 34    Str: 27    XL:     12   Next: 9%
Magic:  18/18      EV:  9    Int:  9    God:    Okawaru [*****.]
Gold:   653        SH: 12    Dex: 18    Spells: 11/11 levels left

rFire   . . .      SeeInvis .    a - +1 war axe (spect)
rCold   x . .      Faith    .    E - +1 kite shield of Exclusion {Rampage rC- Str+6}
rNeg    + . .      Spirit   .    q - +5 ring mail of the Ecumenical Temple {Dex+5}
rPois   ∞          Reflect  .    g - +0 helmet
rElec   +          Harm     .    y - scarf {repulsion}
rCorr   .          Rampage  +    (no gloves)
Will    .....                    i - +1 pair of boots
Stlth   +                        m - amulet of regeneration
HPRegen 1.12/turn                A - +4 ring of protection
MPRegen 0.16/turn                l - +4 ring of protection

@: slowed, repel missiles, very slow
A: sickness immunity, AC +8, negative energy resistance 1, electricity
resistance, torment resistance 1, petrification resistance, claws 1, iridescent
scales 1, sense surroundings 1, MP-powered wands
a: Renounce Religion, Heroism, Finesse, Duel


You were on level 2 of the Lair of Beasts.
You worshipped Okawaru.
Okawaru was extremely pleased with you.
You visited 2 branches of the dungeon, and saw 10 of its levels.

You collected 653 gold pieces.

Inventory:

Hand Weapons
 a - a +1 spectral war axe (weapon)
 h - a +0 flail
 o - a +0 war axe
Missiles
 r - 6 throwing nets (quivered)
Armour
 c - a +0 buckler
 g - a +0 helmet (worn)
 i - a +1 pair of boots (worn)
 q - the +5 ring mail of the Ecumenical Temple (worn) {Dex+5}
   (You found it on level 4 of the Dungeon)

   Dex:       It affects your dexterity (+5).
 y - a scarf of repulsion (worn)
 E - the +1 kite shield of Exclusion (worn) {Rampage rC- Str+6}
   (Okawaru gifted it to you on level 1 of the Lair of Beasts)

   Str:       It affects your strength (+6).
   rC:        It makes you vulnerable to cold.
   Rampage:   It bestows one free step when moving towards enemies.
Jewellery
 k - a ring of protection from fire
 l - a +4 ring of protection (right claw)
 m - an amulet of regeneration (around neck)
 p - the Hermit's Pendant {Faith Invo=14 Evo=0 MP+5}
   (You found it on level 4 of the Dungeon)

   [amulet of faith]

   It sets your invocations skill to 14 and your evocations skill to 0.
   It allows you to gain divine favour quickly.
   MP:        It affects your magic capacity (+5).
 w - a ring of positive energy
 z - a ring of ice
 A - a +4 ring of protection (left claw)
 C - a ring of positive energy
 J - a +6 ring of strength
Wands
 F - a wand of flame (8)
 G - a wand of acid (1)
Scrolls
 b - 2 scrolls of amnesia
 u - 2 scrolls of magic mapping
 x - a scroll of teleportation
 D - a scroll of fog
 I - a scroll of enchant weapon
Potions
 d - 2 potions of might
 e - 8 potions of ambrosia
 f - a potion of resistance
 j - 7 potions of flight
 n - 6 potions of curing
 s - a potion of cancellation
 t - a potion of berserk rage {unknown}
 v - 2 potions of heal wounds {unknown}
 B - a potion of haste {unknown}
 H - 2 potions of brilliance {unknown}


   Skills:
 + Level 8.6 Fighting
 + Level 12.5 Axes
 + Level 7.4 Armour
 + Level 7.0 Shields
 * Level 8.7 Invocations
 * Level 0.8 Evocations


You had 11 spell levels left.
You didn't know any spells.
Your spell library contained the following spells:

 Spells                   Type           Power      Damage    Failure   Level
 Beastly Appendage        Tmut           0%         N/A       83%         1
 Magic Dart               Conj           0%         1d3       83%         1
 Slow                     Hex            0%         N/A       83%         1
 Sting                    Tmut/Pois      0%         1d3       83%         1
 Poisonous Vapours        Pois/Air       0%         N/A       92%         2
 Wereblood                Tmut           0%         N/A       92%         2
 Confusing Touch          Hex            0%         N/A       99%         3
 Mephitic Cloud           Conj/Pois/Air  0%         N/A       99%         3
 Spider Form              Tmut/Pois      0%         N/A       99%         3
 Teleport Other           Tloc           0%         N/A       99%         3
 Vampiric Draining        Necr           0%         2d6       99%         3
 Olgreb's Toxic Radiance  Pois           0%         N/A       100%        4
 Passage of Golubria      Tloc           0%         N/A       100%        4
 Lehudib's Crystal Spear  Conj/Erth      0%         10d2      100%        8
 Call Imp                 Summ           Unusable   N/A       N/A         2

Dungeon Overview and Level Annotations

Branches:
Dungeon (8/15)             Temple (0/1) D:7            Lair (2/5) D:8
  Swamp: Lair:2-3    Shoals: Lair:2-3     Snake: Lair:2-3    Spider: Lair:2-3

Altars:
Hepliaklqana
Okawaru
Uskayaw
Wu Jian
Xom

Shops:
D:4 :


Innate Abilities, Weirdness & Mutations

You are immune to sickness and miasma.
Your stone body is resilient. (AC +8)
You are immune to poison.
You resist negative energy. (rN+)
You are resistant to electric shocks. (rElec)
You are resistant to unholy torment.
You are immune to petrification.
You have sharp fingernails.
You are partially covered in iridescent scales. (AC +2)
You passively map a small area around you.
You expend magic power (3 MP) to strengthen your wands.


Message History

Your +1 spectral war axe fades away.
The meliai barely misses you. The death yak barely misses you.
The meliai barely misses you. You block the meliai's attack.
You are too injured to fight recklessly!
You are too injured to fight recklessly!
You are too injured to fight recklessly!
You are too injured to fight recklessly!
You are too injured to fight recklessly!
You are too injured to fight recklessly!
You are too injured to fight recklessly!
You are too injured to fight recklessly!
You are too injured to fight recklessly!
Unknown command.
You miss the killer bee. You hit the death yak.
You hit the meliai but do no damage.
The killer bee stings you but does no damage.
The meliai hits you but does no damage. The meliai stings you!
The killer bee barely misses you. The meliai barely misses you.
You block the meliai's attack. You block the death yak's attack.
The death yak gores you. The meliai hits you but does no damage.
You block the meliai's attack. You block the killer bee's attack.
The killer bee stings you but does no damage.
Unknown command.
You hit the killer bee but do no damage.
You hit the killer bee. You slash the meliai!
You hit the death yak but do no damage.
Your +1 spectral war axe barely misses the killer bee.
Your +1 spectral war axe hits the killer bee!
You block the killer bee's attack.
The meliai invokes the aid of its god against you.
Something smites you!
* * * LOW HITPOINT WARNING * * *
The killer bee stings you but does no damage.
The killer bee barely misses you. You block the meliai's attack.
The meliai barely misses you. The killer bee barely misses you.
The killer bee stings you but does no damage.
The killer bee completely misses you.
The meliai calls down the wrath of its god upon you.
Something smites you!
You die...

..................P#
.....##.#######...##
......### ##...#
(....## #....#
..#...* ##...#
##..## , #P..#
##..## * #y@(.# ,, ,
#.wyy.# , ...Y..$.#
.........##
..........*
*.........## , *
##.......P*
..#......# *


You could see a death yak, a torpor snail, a meliai, 2 killer bees and a
friendly +1 spectral war axe (summoned).

Vanquished Creatures
  A two-headed ogre (D:7)
  3 death yaks (D:8)
  Joseph (D:8)
  A black mamba (Lair:1)
  5 cane toads
  Maggie (Lair:1)
  3 komodo dragons
  A rime drake (Lair:2)
  A queen bee (Lair:1)
  4 blink frogs (Lair:2)
  9 yaks (Lair:1)
  2 steam dragons (D:8)
  4 water moccasins
  An orc warrior (D:8)
  3 black bears
  2 sky beasts
  An ogre (D:4)
  7 wolves
  4 kobold brigands
  5 bullfrogs
  6 gnoll sergeants
  2 scorpions
  3 necrophages
  8 wights
  2 jellies (D:6)
  14 killer bees (Lair:1)
  A vampire bat (D:5)
  3 orc priests
  5 gnoll boudas
  7 hounds
  5 iguanas
  4 orc wizards
  Robin (D:2)
  37 gnolls
  11 adders
  3 river rats (D:8)
  A shadow imp (D:5)
  2 white imps
  An ufetubus (D:6)
  5 worms
  3 dart slugs (D:2)
  27 orcs
  2 spectral bats (D:5)
  16 bats
  3 bat skeletons (D:5)
  A bat zombie (D:5)
  5 endoplasms
  3 fire bats (D:5)
  6 giant cockroaches
  18 goblins
  12 hobgoblins
  5 jackals
  25 kobolds
  3 quokkas
  6 ball pythons
  A bat simulacrum (D:5)
  7 frilled lizards
  2 rats
325 creatures vanquished.

Vanquished Creatures (others)
  An orc wizard (D:8)
  A rat (D:8)
  A fungus (Lair:1)
  2 plants (Lair:1)
5 creatures vanquished.

Grand Total: 330 creatures vanquished

Notes
Turn   | Place    | Note
-------+----------+-------------------------------------------
     0 | D:1      | bande the Gargoyle Fighter began the quest for the Orb.
     0 | D:1      | Reached XP level 1. HP: 14/14 MP: 1/1
   160 | D:1      | Reached XP level 2. HP: 17/19 MP: 2/2
   271 | D:1      | Reached skill level 2 in Axes
   639 | D:1      | Reached XP level 3. HP: 24/24 MP: 3/3
  1395 | D:2      | Reached XP level 4. HP: 29/29 MP: 4/4
  1798 | D:2      | Reached skill level 3 in Axes
  1809 | D:2      | Reached XP level 5. HP: 33/33 MP: 5/5
  1901 | D:2      | Noticed Robin
  1908 | D:2      | Killed Robin
  2781 | D:3      | Reached skill level 4 in Axes
  2814 | D:3      | Reached XP level 6. HP: 38/38 MP: 6/6
  3080 | D:3      | Found a faded altar of an unknown god.
  3296 | D:4      | Found a shimmering altar of Xom.
  3297 | D:4      | Found an iron altar of Okawaru.
  3346 | D:4      | Identified the +5 ring mail of the Ecumenical Temple
                  | {Dex+5}
  3550 | D:4      | Became a worshipper of Warmaster Okawaru
  3761 | D:4      | Reached skill level 5 in Axes
  3761 | D:4      | Reached XP level 7. HP: 18/44 MP: 7/7
  4025 | D:4      | Found Ycryi's Book Emporium.
  4114 | D:4      | Found a faded altar of an unknown god.
  4114 | D:4      | Found the Hermit's Pendant {Faith Invo=14 Evo=0 MP+5}
  4128 | D:4      | Reached skill level 1 in Invocations
  4235 | D:5      | Entered Level 5 of the Dungeon
  4322 | D:6      | Reached * piety under Okawaru
  4332 | D:6      | HP: 2/44 [gnoll/+0 flail[a gnoll bouda] (4)]
  4451 | D:6      | Reached skill level 6 in Axes
  4451 | D:6      | Reached XP level 8. HP: 31/48 MP: 9/9
  4468 | D:6      | Reached skill level 5 in Fighting
  4639 | D:6      | Gained mutation: You are partially covered in iridescent
                  | scales. (AC +2) [potion of mutation]
  4639 | D:6      | Gained mutation: You expend magic power (3 MP) to
                  | strengthen your wands. [potion of mutation]
  4639 | D:6      | Gained mutation: You sometimes lose your temper in combat.
                  | [potion of mutation]
  4640 | D:6      | Found a hide-covered altar of Uskayaw.
  5135 | D:5      | Reached skill level 5 in Armour
  5328 | D:5      | Lost mutation: You sometimes lose your temper in combat.
                  | [potion of mutation]
  5328 | D:5      | Lost mutation: You are partially covered in iridescent
                  | scales. (AC +2) [potion of mutation]
  5328 | D:5      | Gained mutation: You are partially covered in iridescent
                  | scales. (AC +2) [potion of mutation]
  5328 | D:5      | Gained mutation: You passively map a small area around you.
                  | [potion of mutation]
  5328 | D:5      | Gained mutation: You have sharp fingernails. [potion of
                  | mutation]
  5403 | D:6      | Reached skill level 7 in Axes
  5648 | D:6      | Reached ** piety under Okawaru
  5919 | D:7      | Found an ornate altar of the Wu Jian Council.
  5928 | D:7      | Reached XP level 9. HP: 54/54 MP: 12/12
  5931 | D:7      | Noticed a two-headed ogre
  5943 | D:7      | Killed a two-headed ogre
  5944 | D:7      | Reached skill level 8 in Axes
  5944 | D:7      | Reached skill level 5 in Shields
  5948 | D:7      | Reached skill level 5 in Invocations
  6039 | D:7      | Found a staircase to the Ecumenical Temple.
  6116 | D:7      | Reached *** piety under Okawaru
  6246 | D:7      | Reached skill level 9 in Axes
  6310 | D:7      | Found a hazy altar of Hepliaklqana.
  6360 | D:7      | Reached XP level 10. HP: 59/60 MP: 14/14
  6860 | D:8      | Reached **** piety under Okawaru
  6878 | D:8      | Noticed Joseph
  6890 | D:8      | Killed Joseph
  6890 | D:8      | Received a gift from Okawaru
  6891 | D:8      | Reached skill level 10 in Axes
  6992 | D:8      | Noticed a death yak
  6994 | D:8      | Noticed a death yak
  6994 | D:8      | Noticed a death yak
  7005 | D:8      | Killed a death yak
  7006 | D:8      | Killed a death yak
  7009 | D:8      | Killed a death yak
  7010 | D:8      | Reached XP level 11. HP: 33/67 MP: 14/16
  7026 | D:8      | Found a staircase to the Lair.
  7032 | D:8      | Reached ***** piety under Okawaru
  7033 | D:8      | Reached skill level 11 in Axes
  7048 | D:8      | Got Alanaz's Compendium of Egalitarianism
  7532 | Lair:1   | Entered Level 1 of the Lair of Beasts
  8103 | Lair:1   | Identified the +1 kite shield of Exclusion {Rampage rC-
                  | Str+6} (Okawaru gifted it to you on level 1 of the Lair of
                  | Beasts)
  8103 | Lair:1   | Received a gift from Okawaru
  8119 | Lair:1   | Reached skill level 12 in Axes
  8220 | Lair:1   | Noticed Maggie
  8230 | Lair:1   | Killed Maggie
  8623 | Lair:2   | Reached XP level 12. HP: 64/75 MP: 18/18
  8829 | Lair:2   | Noticed a death yak
  8836 | Lair:2   | Killed from afar by a meliai

Illustrated notes

Levels and vault maps discovered:
D:1:      dpeg_cavernosity, layout_loops_ring
D:2:      layout_loops_ring, minivault_11, minmay_fractal_squares_5, uniq_robin
D:3:      layout_rooms, chequers_ecumenical_altar_simple_redux, st_stairs_1,
          chequers_serial_rivers_large_b, grunt_ministairs_2,
          roderic_roman_lattice, chequers_serial_rivers_micro_b
D:4:      layout_loops_ring, mainiacjoe_overflow_divided_tiny, serial_shops,
          nicolae_square_shop, hellmonk_guarded_unrand_hermit
D:5:      layout_rooms, goddamned_bats
D:6:      layout_cave_pools, nicolae_uskayaw_murder_on_the_dancefloor,
          minmay_fractal_squares_diagonal_5
D:7:      layout_cave_pools, mainiacjoe_overflow_chevrons,
          nzn_hepliaklqana_mist_gate, minmay_temple_entry_mist,
          serial_gnoll_camp, gnoll_camp_mini_house, gnoll_camp_mini_sergeant,
          gnoll_camp_mini_basic, gnoll_camp_mini_basic, gnoll_camp_huts_basic
D:8:      layout_basic, dpeg_lair_monsters, hex_medium, uniq_joseph
Lair:1:   layout_long_grid, special_room [special_room_bee], uniq_maggie
Lair:2:   layout_chaotic_city, minmay_swamp_entry_wisps,
          hellmonk_spider_entry_not_the_bees

Skill      XL: |  1  2  3  4  5  6  7  8  9 10 11 12 |
---------------+-------------------------------------+-----
Axes           | 2 3 4 5 6 7 9 10 12 | 12.5
Armour         | 4 5 6 7 |  7.4
Fighting       | 4 5 6 7 8 |  8.6
Shields        | 4 5 6 7 |  7.0
Invocations    | 2 4 5 7 8 |  8.7
Evocations     | |  0.8

Action                   |  1- 3 |  4- 6 |  7- 9 | 10-12 || total
-------------------------+-------+-------+-------+-------++-------
Melee: War axe           |   105 |   212 |   274 |   279 ||   870
  Use: Scroll            |     4 |     7 |     9 |     2 ||    22
       Potion            |       |       |     2 |       ||     2
 Stab: Distracted        |       |       |     1 |     2 ||     3
Armor: Scale mail        |    84 |    94 |       |       ||   178
       Chain mail        |       |    43 |       |       ||    43
       Ring mail         |       |    19 |   259 |   157 ||   435
Dodge: Dodged            |    58 |   108 |   201 |   109 ||   476
Block: Buckler           |    20 |    56 |   114 |    59 ||   249
       Kite shield       |       |       |       |    35 ||    35

Table legend: (Time is in decaauts)
 A = Elapsed time spent in this place.
 B = Non-inter-level travel time spent in this place.
 C = Inter-level travel time spent in this place.
 D = Time resting spent in this place.
 E = Time spent auto-exploring this place.
 F = Levels seen in this place.
 G = Mean time per level.
                   A        B        C        D        E       F      G
               +--------+--------+--------+--------+--------+-----+--------+
         Total |   9067 |   8872 |    195 |   1080 |   5424 |  10 |  906.7 |
       Dungeon |   7764 |   7569 |    195 |   1080 |   4476 |   8 |  970.5 |
          Lair |   1302 |   1302 |      0 |      0 |    948 |   2 |  651.0 |
               +--------+--------+--------+--------+--------+-----+--------+

Top non-repeatable levels by time:
     D:1: 1322 daAuts
     D:2: 1091 daAuts
     D:6: 1089 daAuts
  Lair:1: 1058 daAuts
     D:4: 1007 daAuts
     D:3: 966 daAuts
     D:8: 841 daAuts
     D:7: 782 daAuts
     D:5: 664 daAuts
  Lair:2: 244 daAuts
